[Event "Late-Titled-Tuesday-Blitz-February-13-2024"]
[Site "Chess.com"]
[Date "2024.02.13"]
[Round "2"]
[White "terrortoast"]
[Black "igorknyazev"]
[Result "1-0"]
[WhiteElo "2474"]
[BlackElo "2192"]
[TimeControl "180+1"]
[EndTime "14:19:04 PST"]
[Termination "terrortoast won by checkmate"]

1. d4 Nf6 2. c4 c5 3. d5 b5 4.
cxb5 a6 5. bxa6 Bxa6 6. Nc3 g6 7. e4 Bxf1 8. Kxf1 d6 9. Nf3 Bg7 10. g3 O-O 11. Kg2 Nbd7 12. a4 Ng4 13. Qc2 Qa5 14.
Ra3 f5 15. exf5 Rxf5 16. h3 Nge5 17. Nxe5 Nxe5 18. Ne4 Raf8 19. Rf1 c4 20. f4 Qxd5 21. Kh2 Nd3 22. Nd2 Nxf4 23. Qxc4 Qxc4 24. Nxc4 Ne2 25.
Rxf5 Rxf5 26. Be3 Bd4 27. Bxd4 Nxd4 28. a5 Rf2+ 29. Kg1 Rc2 30. a6 Nb5 31. Ra4 Na7 32. b3 d5 33. Ne3 e6 34. Rb4 Ra2 35. Rb8+ Kf7 36. Rb7+ Kf6 37. Rxa7 d4 38. Ng4+ Kf5 39. Rf7+ Ke4 40. a7 d3 41. Rd7 Ra1+ 42. Kg2 Ra2+ 43. Nf2+ Kf5 44. b4 e5 45. Rxd3 Rxa7 46. b5 Rb7 47. Rb3 e4 48. Nd1 Ke5 49. Kf2 Kd4 50. Ne3 Kc5 51. g4 Rf7+ 52. Ke2 Kb6 53. Nd5+ Kb7 54. Rc3 Rd7 55. Ne3 Re7 56. Rc5 Kb6 57. Rd5 Re6 58. Nc4+ Kb7 59. b6 Re7 60. Ke3 Rf7 61.
Kd4 h5 62. gxh5 e3 63. Nxe3 Re7 64. Re5 Rd7+ 65. Rd5 Rg7 66. h6 Rh7 67. Ng4 Kxb6 68. Rd6+ Kc7 69. Rxg6 Kd8 70. Rg8+ Ke7 71. Rg7+ Rxg7 72.
hxg7 Kf7 73. Ke5 Kxg7 74. Kf5 Kh7 75. Kg5 Kg7 76. h4 Kh7 77. h5 Kg7 78. h6+ Kh7 79. Ne5 Kg8 80. Kg6 Kh8 81. Nf7+ Kg8 82. h7+ Kf8 83.
h8=Q+ Ke7 84. Qd8+ Ke6 85. Qd6# 1-0

[Event "Late-Titled-Tuesday-Blitz-February-13-2024"]
[Site "Chess.com"]
[Date "2024.02.13"]
[Round "2"]
[White "chessisveryfun1264"]
[Black "mitrabhaa"]
[Result "1/2-1/2"]
[WhiteElo "2582"]
[BlackElo "2896"]
[TimeControl "180+1"]
[EndTime "14:19:05 PST"]
[Termination "Game drawn by repetition"]

1. e4 c6 2. d4 d5 3. exd5 cxd5 4. Bf4 Nf6 5. c3 Nc6 6. Nf3 Bg4 7. Nbd2 e6 8. Bd3 Bd6 9. Bxd6 Qxd6 10. h3 Bh5 11. O-O O-O 12. Qe2 Rab8 13. a4 a6 14. g4 Bg6 15.
Bxg6 hxg6 16. Qe3 b5 17. axb5 axb5 18. Ra6 Qc7 19. Rfa1 b4 20. Nb3 Ne4 21. Nfd2 Nxd2 22. Nxd2 bxc3 23. Qxc3 Rfc8 24. Rc1 Rb6 25. Rxb6 Qxb6 26.
Nb3 Rb8 27. Nc5 Qxb2 28. Nxe6 Ne7 29. Qxb2 Rxb2 30. Rc7 fxe6 31. Rxe7 Rb6 32. Kg2 Kf8 33. Ra7 Rb4 34. g5 Rxd4 35. Ra8+ Kf7 36. Ra7+ Kg8 37. Re7 Re4 38. f3 Re5 39. h4 Kf8 40. Rd7 d4 41.
Rxd4 Ke7 42. Ra4 Rd5 43. Ra7+ Rd7 44. Ra4 Kd6 45. Kg3 Ke5 46. Ra5+ Kd4 47. Ra6 e5 48. Rxg6 e4 49. Re6 exf3 50. Kxf3 Kd5 51. Re8 g6 52. Kg4 Rg7 53. h5 gxh5+ 54. Kxh5 Rh7+ 55. Kg6 Rh1 56. Kg7 Kd6 57. g6 Kd7 58. Re5 Kd6 59.
Re2 Ra1 60. Kh7 Rh1+ 61. Kg8 Kd7 62. g7 Rh3 63. Re4 Kd6 64. Kf7 Rf3+ 65. Kg6 Rg3+ 66. Kf7 Rf3+ 67. Kg8 Rg3 68. Rf4 Ke7 69. Rf5 Rh3 70.
Re5+ Kf6 71. Re1 Ra3 72. Rf1+ Kg6 73. Rg1+ Kf6 74. Rf1+ Kg6 75. Rg1+ Kf6 76. Rf1+ 1/2-1/2

[Event "Late-Titled-Tuesday-Blitz-February-13-2024"]
[Site "Chess.com"]
[Date "2024.02.13"]
[Round "2"]
[White "Dewarfd"]
[Black "KetiTsatsalashvili"]
[Result "1/2-1/2"]
[WhiteElo "2156"]
[BlackElo "2449"]
[TimeControl "180+1"]
[EndTime "14:19:05 PST"]
[Termination "Game drawn by repetition"]

1. d4 Nf6 2. e3 d5 3. Nf3 c5 4. dxc5 e6 5. c4 Bxc5 6. cxd5 exd5 7. Be2 O-O 8. O-O Nc6 9. a3 a5 10. Nc3 Bg4 11. b3 Re8 12. Na4 Bd6 13. Bb2 Ne4 14. Rc1 Rc8 15. Nc3 Be6 16. Nb5 Bb8 17.
Nbd4 Nxd4 18. Qxd4 f6 19. Bb5 Re7 20. Rxc8 Qxc8 21. Rc1 Rc7 22. Rxc7 Qxc7 23. Bd3 Nc5 24. Bb1 Nd7 25. Qd3 Nf8 26. h3 Ng6 27. b4 axb4 28. axb4 Qc4 29. Qxc4 dxc4 30. Nd4 Bf7 31. b5 Ne5 32.
Bc3 Bd6 33. Be4 b6 34. Nc6 Nxc6 35. Bxc6 Bc5 36. Kf1 Bg6 37. Ke2 Bd3+ 38. Kd2 Kf7 39. Bd5+ Ke7 40. Bf3 Kd6 41. Bc6 Ba3 42. h4 Kc5 43. Bd4+ Kb4 44. Bxb6 Kb3 45. Bd4 Bb4+ 46. Kd1 Bc2+ 47. Ke2 Bd3+ 48. Kf3 c3 49. Bxc3 Bxc3 50. b6 Be5 51. b7 Kb4 52. Be4 Bxe4+ 53. Kxe4 Kc5 54.
Kf5 g6+ 55. Ke6 Kb6 56. f4 Bc7 57. Kxf6 Kxb7 58. Kg7 Bd8 59. g3 Bb6 60. e4 Bf2 61. g4 Bxh4 62. Kxh7 Bg3 63. f5 gxf5 64. exf5 Bh4 65. Kg6 Kc6 66. f6 Kd7 67. Kf7 Kd6 68. Ke8 Bxf6 69. Kf7 Bh4 70. Kg6 Ke5 71. Kh5 Be7 72. g5 Ke6 73. Kh6 Kf7 74. g6+ Kg8 75. g7 Bd8 76. Kg6 Bc7 77. Kh6 Bb6 78. Kg6 Ba5 79. Kh6 Bb6 80. Kg6 Ba7 81. Kh6 Bb6 1/2-1/2

[Event "Late-Titled-Tuesday-Blitz-February-13-2024"]
[Site "Chess.com"]
[Date "2024.02.13"]
[Round "2"]
[White "hristos03"]
[Black "KarolKacprzak"]
[Result "0-1"]
[WhiteElo "2385"]
[BlackElo "2723"]
[TimeControl "180+1"]
[EndTime "14:19:10 PST"]
[Termination "KarolKacprzak won on time"]

1. e4 c5 2. Nf3 d6 3. d4 cxd4 4. Nxd4 Nf6 5. Nc3 a6 6. Bc4 e6 7. Bb3 Nbd7 8. f4 Nc5 9. O-O Qc7 10. Qf3 b5 11. f5 e5 12. Nde2 Bb7 13. Ng3 Nxb3 14.
axb3 b4 15. Na4 d5 16. exd5 Bxd5 17. Qe2 Be7 18. Bg5 O-O 19. Bxf6 Bxf6 20. Nh5 Bg5 21. h4 Bh6 22. Rae1 f6 23. Ng3 Rac8 24. Rf2 Qa7 25. Kf1 Rfd8 26. Rd1 Bf4 27. Nh5 Bh6 28. Qg4 Kh8 29. Re1 a5 30. Rfe2 Qa6 31. Kg1 e4 32. Kh1 Qd6 33. Ng3 Qf4 34. Qxf4 Bxf4 35. Nxe4 Be5 36. Nb6 Rb8 37. Nxd5 Rxd5 38. Nd2 h5 39. Nc4 Bg3 40. Re8+ Rxe8 41. Rxe8+ Kh7 42. Ne3 Rd2 43. Nf1 Rd1 44. Kg1 Bxh4 45. Re4 Bg5 46. Rc4 Rb1 47. Kf2 Rxb2 48. Rc5 Rb1 49. Ng3 Bh4 50. Kf3 Bg5 51.
Ne4 Rf1+ 52. Kg3 Rd1 53. Nxg5+ fxg5 54. Rxa5 Rc1 55. Rb5 Rxc2 56. Rxb4 Rc3+ 57. Kh2 g4 58. Rb5 Kh6 59. Rb6+ Kg5 60. Rg6+ Kxf5 61. Rxg7 Rxb3 62. Rh7 Kg6 63. Rh8 Kg5 64. Rg8+ Kh4 65. Rf8 g3+ 66.
Kg1 Rb1+ 67. Rf1 Rb4 68. Re1 Kg4 69. Rd1 Kf4 70. Rc1 Rd4 71. Rf1+ Ke4 72. Re1+ Kd3 73.
Kf1 Rf4+ 74. Kg1 Re4 75. Rd1+ Kc2 76. Ra1 Rb4 77. Ra2+ Kd1 78. Ra3 h4 79. Rd3+ Ke2 80.
Rf3 Rb1+ 0-1

[Event "Late-Titled-Tuesday-Blitz-February-13-2024"]
[Site "Chess.com"]
[Date "2024.02.13"]
[Round "2"]
[White "Defenstrator"]
[Black "maxip32"]
[Result "0-1"]
[WhiteElo "2358"]
[BlackElo "2657"]
[TimeControl "180+1"]
[EndTime "14:19:19 PST"]
[Termination "maxip32 won by checkmate"]

1. b3 e5 2. Bb2 Nc6 3. Nf3 d6 4. d4 exd4 5. Nxd4 Nf6 6. c4 g6 7.
e4 Bg7 8. Nc3 O-O 9. Be2 Re8 10.
Nxc6 bxc6 11. Qc2 Nxe4 12. Nxe4 Bxb2 13. Qxb2 Rxe4 14. O-O Bd7 15. Bf3 Re8 16. Rfe1 Qg5 17. Qd4 a5 18. c5 Qxc5 19. Qxc5 dxc5 20. Red1 Rad8 21. Rac1 Be6 22. Rxd8 Rxd8 23. Rxc5 a4 24. bxa4 Rd4 25. Rxc6 Rxa4 26. Rxc7 Rxa2 27. h4 Ra1+ 28.
Kh2 h5 29. Kg3 Ra3 30. Rc5 Kg7 31. Kf4 Ra4+ 32. Kg3 Ra3 33. Kh2 Ra2 34. Kg3 Bf5 35.
Bxh5 Ra3+ 36. Bf3 Be6 37. h5 Kh6 38. hxg6 fxg6 39. Kf4 Ra4+ 40. Be4 Bf5 41. f3 Kg7 42. g4 Be6 43. Kg5 Bf7 44. Rc7 Ra5+ 45. Kf4 g5+ 46.
Kg3 Kf6 47. Rc6+ Kg7 48. Bf5 Ra4 49. Rc7 Kf6 50. Rc6+ Ke5 51. Be4 Be6 52. Rc5+ Kf6 53. Rb5 Ra3 54. Rb8 Ra1 55. Rh8 Bf7 56. Rh6+ Kg7 57.
Rh7+ Kf6 58. Bf5 Bd5 59. Rh8 Ra3 60. Rf8+ Kg7 61. Rd8 Rxf3+ 62. Kh2 Bc6 63. Rd6 Rc3 64. Rg6+ Kf7 65. Rxg5 Kf6 66. Rg6+ Ke5 67. Re6+ Kf4 68.
Re2 Rc1 69. Rf2+ Bf3 70. Be6 Rh1# 0-1

[Event "Late-Titled-Tuesday-Blitz-February-13-2024"]
[Site "Chess.com"]
[Date "2024.02.13"]
[Round "2"]
[White "dennisodessa"]
[Black "MolecularChemist"]
[Result "0-1"]
[WhiteElo "2580"]
[BlackElo "2908"]
[TimeControl "180+1"]
[EndTime "14:19:28 PST"]
[Termination "MolecularChemist won on time"]

1. d4 Nf6 2. c4 e6 3. Nc3 d5 4.
cxd5 exd5 5. Bg5 c6 6. Qc2 Be7 7. e3 h6 8. Bh4 a5 9. Bd3 O-O 10. Nf3 Na6 11. a3 Nc7 12. O-O Re8 13. Ne5 Be6 14.
Rab1 Nd7 15. Bxe7 Qxe7 16. Nxd7 Bxd7 17. b4 axb4 18. axb4 b5 19. Qb2 Ra7 20. Na2 Rea8 21. Nc1 Ra4 22. Bc2 Ra3 23. Nd3 Ra2 24. Qc3 Qd6 25.
Ne5 Be8 26. Nd3 Ne6 27. Ra1 Qe7 28. Rxa2 Rxa2 29. Nc1 Ra8 30. Nb3 Ra2 31. Na5 Bd7 32. Qb3 Ra4 33. Rb1 c5 34. dxc5 Nxc5 35. Qxd5 Be6 36. Qa8+ Qf8 37. Qxf8+ Kxf8 38. Bxa4 Nxa4 39.
Rc1 Ke7 40. Nc6+ Kd6 41. Nd4 Bc4 42. Rc2 g6 43. f3 Nb6 44. e4 Ke5 45. Nc6+ Kd6 46.
Nd4 Ke5 47. Ne2 f5 48. Ng3 h5 49. h4 fxe4 50. Nxe4 Nd5 51. Nc3 Nxb4 52. Rb2 Nd3 53.
Rb1 b4 54. Ne4 Kd4 55. Nd2 Bd5 56. Kf1 Kc3 57. Ke2 Nf4+ 58. Kd1 Nxg2 59. Rc1+ Kd3 60. Rc7 Ne3+ 61. Kc1 b3 62. Rd7 b2+ 63. Kxb2 Kxd2 64. Rd6 Ke2 65. Rxg6 Bxf3 66. Rg5 Kd3 67. Kc1 Ke4 68. Kd2 Nf5 69. Ke1 Kf4 70. Kf2 Bg4 71. Rg8 Nxh4 72. Rf8+ Nf5 73. Rh8 h4 74. Rg8 h3 75. Rf8 Kg5 76. Rh8 Bh5 77. Rg8+ Kf4 78. Rh8 Kg4 79. Rg8+ Kh4 80. Rh8 Ng3 81. Kg1 Ne2+ 82.
Kh2 Ng3 83. Rxh5+ Nxh5 0-1

[Event "Late-Titled-Tuesday-Blitz-February-13-2024"]
[Site "Chess.com"]
[Date "2024.02.13"]
[Round "2"]
[White "HajiyevKanan"]
[Black "ElephantChessGenius"]
[Result "1/2-1/2"]
[WhiteElo "2510"]
[BlackElo "2301"]
[TimeControl "180+1"]
[EndTime "14:19:34 PST"]
[Termination "Game drawn by repetition"]

1. d4 d5 2. Nf3 Nf6 3. c4 e6 4.
Nc3 Bb4 5. Qb3 c5 6. dxc5 Qa5 7. cxd5 Nxd5 8. Bd2 Qxc5 9. Nxd5 Bxd2+ 10. Nxd2 exd5 11.
e3 Be6 12. Nf3 Nc6 13. Qb5 Qe7 14. Nd4 O-O 15. Rd1 Nxd4 16. Rxd4 Rac8 17. Be2 Rc1+ 18. Rd1 Rxd1+ 19. Bxd1 d4 20. O-O dxe3 21. fxe3 Bxa2 22.
Re1 Rd8 23. Bf3 b6 24. b3 Qe6 25. b4 Bc4 26. Qc6 Qxc6 27. Bxc6 Rc8 28. b5 Rc7 29. Rd1 g6 30. Rd4 Be6 31. Rd8+ Kg7 32. Ra8 Bc4 33.
e4 a6 34. Rb8 Bxb5 35. Bd5 Bc4 36. Rxb6 Bxd5 37. exd5 Rd7 38. d6 Kf6 39. Rxa6 Ke6 40. Kf2 Rxd6 41. Ra7 Kf6 42. h4 Rd4 43. g3 h5 44. Ke3 Rg4 45. Kf3 Rb4 46. Ra6+ Kf5 47. Ra3 Rc4 48. Rb3 f6 49. Rb5+ Ke6 50. Rb6+ Kf7 51. Rb7+ Ke6 52. Rb6+ Ke7 53. Rb7+ Ke6 54. Rg7 Kf5 55. Rg8 Rc3+ 56. Kg2 g5 57. hxg5 fxg5 58. Ra8 Kg4 59. Ra4+ Kf5 60. Ra5+ Kg6 61. Ra6+ Kf5 62.
Ra5+ Kf6 63. Kf2 Rc2+ 64. Kf3 g4+ 65. Ke3 Rc3+ 66. Kf2 Rf3+ 67. Kg2 Rf5 68. Ra6+ Kg5 69. Ra8 Rc5 70. Ra2 Rc3 71. Rb2 Kf5 72. Rf2+ Ke4 73.
Ra2 Rc5 74. Re2+ Kd3 75. Ra2 Ke3 76. Rb2 Kd3 77. Rb3+ Kd2 78. Rb4 Ke3 79. Rb3+ Kd4 80. Rb2 Kd3 81. Rb3+ Kc4 82. Rb2 Kc3 83. Rb8 Rd5 84. Rh8 Rd2+ 85. Kf1 Rd5 86. Ke2 Re5+ 87. Kf2 Kd3 88. Rd8+ Ke4 89. Rh8 Rf5+ 90. Kg2 Ke3 91.
Re8+ Kd2 92. Rd8+ Ke3 93. Re8+ Kd4 94. Rd8+ Rd5 95. Rh8 Kd3 96. Re8 Ra5 97. Rd8+ Ke4 98. Re8+ Re5 99. Rf8 Ke3 100. Rh8 Ke2 101. Rf8 Re3 102.
Rf5 Rf3 103. Rxh5 Rf2+ 104. Kg1 Rf1+ 105. Kg2 Rf2+ 106. Kg1 Rf1+ 107. Kg2 Rf2+ 1/2-1/2

[Event "Late-Titled-Tuesday-Blitz-February-13-2024"]
[Site "Chess.com"]
[Date "2024.02.13"]
[Round "2"]
[White "Sl4werThanYou"]
[Black "SantoBlue"]
[Result "1-0"]
[WhiteElo "2641"]
[BlackElo "2959"]
[TimeControl "180+1"]
[EndTime "14:19:50 PST"]
[Termination "Sl4werThanYou won by resignation"]

1. e4 d6 2. Nc3 Nf6 3. Nf3 e5 4. Bc4 Be7 5. d3 O-O 6. a4 c6 7. Ba2 Bg4 8. h3 Bh5 9. g4 Bg6 10. h4 h5 11. g5 Nfd7 12. d4 Na6 13. Be3 Qa5 14. Qd2 Rfe8 15. O-O exd4 16. Bxd4 Ne5 17. Nxe5 dxe5 18. Be3 Bb4 19. f3 Rad8 20. Qe1 Bc5 21. Bb3 Qb6 22. Bf2 Bxf2+ 23. Qxf2 Nc5 24. a5 Qb4 25. Na2 Qxa5 26. Bxf7+ Bxf7 27. b4 Qa3 28. bxc5 Bxa2 29. c4 Rd4 30. Rxa2 Qxc5 31. Rb1 Re7 32. Rab2 b6 33. Rc2 Rf7 34. Kg2 g6 35. Rbb2 Kg7 36.
Qe2 a5 37. Ra2 Rfd7 38. Qf2 Rf7 39. Qe2 Ra7 40. Ra4 Rad7 41. Qf2 Ra7 42. Rb2 b5 43. cxb5 cxb5 44. Rxb5 Qxb5 45. Rxd4 Rc7 46. Rd5 Qb3 47.
Kg3 Rf7 48. Rxa5 Qc3 49. Rd5 Qa1 50. Kg2 Rb7 51. Rd2 Qc3 52. Rc2 Qb3 53. Qe2 Rf7 54. Rb2 Qa3 55. Ra2 Qc3 56. Rc2 Qb3 57. Rd2 Qe6 58. Qd1 Qa6 59. Rd6 Qa3 60. Rd5 Qc3 61. Rd3 Qb2+ 62. Kg3 Qb8 63. Rd7 Qb6 64. Rxf7+ Kxf7 65. Qd5+ Kf8 66. Qxe5 Qg1+ 67. Kh3 Qf1+ 68. Kg3 Qe1+ 69.
Kf4 Qxh4+ 70. Ke3 Qe1+ 71. Kd3 Qd1+ 72. Ke3 Qe1+ 73. Kd4 Qa1+ 74. Kd5 Qxe5+ 75. Kxe5 Ke7 76. Kf4 Ke6 77. Ke3 Kd6 78. f4 Ke6 79. Kd4 Ke7 80. Kd3 Kd6 81. Ke3 Ke7 82. Kf3 Ke6 83.
Kg3 Kd6 84. Kh3 Ke7 85. f5 Kf7 86. Kh4 Kg7 87. Kg3 Kf7 88. Kf4 Ke7 89. Ke5 Kf7 90.
f6 Kf8 91. Kf4 Kf7 92. Ke5 Ke8 93. Kd4 Kd7 94. e5 Ke6 95. Ke4 Kf7 96. Kd5 Ke8 97. e6 h4 98. Ke4 1-0

[Event "Late-Titled-Tuesday-Blitz-February-13-2024"]
[Site "Chess.com"]
[Date "2024.02.13"]
[Round "2"]
[White "ajeale2"]
[Black "N_I_Chess"]
[Result "1-0"]
[WhiteElo "2515"]
[BlackElo "2283"]
[TimeControl "180+1"]
[EndTime "14:19:51 PST"]
[Termination "ajeale2 won by resignation"]

1. c4 Nf6 2. Nf3 e6 3. g3 b6 4. Bg2 Bb7 5. O-O Be7 6. b3 O-O 7. Bb2 d6 8. d4 Nbd7 9. Nc3 Re8 10. Qc2 Bf8 11. Rad1 a5 12. e4 e5 13. dxe5 dxe5 14. Nd5 Nxd5 15. exd5 g6 16. Rfe1 Bg7 17. h4 a4 18. b4 a3 19. Ba1 Qe7 20. Bh3 Rad8 21.
Bxd7 Qxd7 22. Nxe5 Qh3 23. Qd3 b5 24. Qf3 Qf5 25.
Qxf5 gxf5 26. cxb5 Rxd5 27. Nc6 Rxd1 28. Rxd1 Bxc6 29.
bxc6 Bxa1 30. Rxa1 Re2 31. Rd1 Rxa2 32. Rd8+ Kg7 33.
Ra8 Rb2 34. Rxa3 Rxb4 35. Ra7 Rc4 36. Rxc7 Kf6 37. Kg2 Kg7 38. Kf3 Kf6 39. Ke2 Rc3 40. Kd2 Rc5 41. Kd3 Ke6 42. Kd4 Rc2 43. f3 h5 44. Rc8 f6 45. Ke3 Rc4 46. Kd3 Rc1 47. Kd2 Rc4 48. Ke3 Rc1 49. Rh8 Rxc6 50. Rxh5 Rc3+ 51. Ke2 Rc2+ 52. Kd3 Rg2 53. Rh8 Rxg3 54. Ke3 Rh3 55. Kf4 Rh1 56. Rh7 Rh2 57. h5 Rh4+ 58.
Kg3 Rh1 59. Kg2 Rh4 60. h6 Rh5 61. Kg3 Rg5+ 62. Kf4 Rh5 63. Rh8 Kf7 64. h7 Kg7 65.
Ra8 Kxh7 66. Ra7+ Kg6 67. Ra8 Rh4+ 68. Ke3 Rb4 69. Rg8+ Kf7 70. Rc8 Rb3+ 71. Kf4 Rb4+ 72. Kxf5 Rb5+ 73. Kf4 Rb4+ 74. Kg3 Rb7 75. Kg4 Rb4+ 76.
f4 Rb7 77. Rc6 Rd7 78. Kh5 Rd5+ 79. Kh6 Rd7 80. f5 Re7 81. Rc8 Rd7 82. Rh8 Rd5 83. Rh7+ Kf8 84. Kg6 Rc5 85. Rf7+ Kg8 86. Rxf6 Rc8 87.
Rd6 Re8 88. f6 Ra8 89. Rd7 Rf8 90. Rg7+ Kh8 91. Rh7+ Kg8 92. f7+ Rxf7 93. Rxf7 1-0

[Event "Late-Titled-Tuesday-Blitz-February-13-2024"]
[Site "Chess.com"]
[Date "2024.02.13"]
[Round "2"]
[White "Alblooshi_Hamad"]
[Black "SouS007"]
[Result "1-0"]
[WhiteElo "2244"]
[BlackElo "2485"]
[TimeControl "180+1"]
[EndTime "14:20:13 PST"]
[Termination "Alblooshi_Hamad won by checkmate"]

1. d4 Nf6 2. c4 e6 3. Nf3 d5 4. Nc3 c6 5. e3 Nbd7 6. Qc2 b6 7. b3 Bb7 8. Bb2 Be7 9. Be2 O-O 10.
O-O Rc8 11. e4 dxe4 12. Nxe4 Nxe4 13. Qxe4 Nf6 14. Qe3 c5 15. Rfd1 Qc7 16. h3 Rfd8 17.
Ne5 cxd4 18. Bxd4 Bc5 19. Bxc5 Qxc5 20. Qxc5 bxc5 21. f3 Kf8 22. Kf2 Ke7 23. Ke3 Nd7 24. Nd3 Rc6 25. Rd2 Rd6 26. Rad1 a5 27. Nb2 Rxd2 28.
Rxd2 h5 29. Na4 Bc6 30. Nc3 Ra8 31. a4 h4 32. Bd3 Ne5 33. Be4 f5 34. Bxc6 Nxc6 35.
Nb5 g5 36. Rd6 Nd4 37. Rb6 Nxb3 38. Nc7 Rd8 39. Nxe6 Rd1 40. Rxb3 Kxe6 41. Rb5 Kd6 42. Rxa5 f4+ 43. Ke2 Rd4 44. Ra6+ Ke5 45. Rg6 Kf5 46. Rc6 Rxc4 47. a5 Ke5 48. a6 Kd4 49. Rd6+ Ke5 50. Rc6 Rc2+ 51. Kf1 Kd4 52. Rd6+ Ke3 53. Re6+ Kd3 54. Rd6+ Kc4 55. a7 Ra2 56. Rd7 Kc3 57. Rg7 c4 58. Rc7 Kd3 59. Rd7+ Ke3 60. Re7+ Kd2 61.
Rd7+ Kc2 62. Rc7 c3 63. Rd7 Kc1 64. Rc7 c2 65. Ke1 Ra6 66. Ke2 Re6+ 67. Kd3 Rd6+ 68. Ke2 Rd8 69. Ke1 Re8+ 70. Kf2 Kd2 71. Rd7+ Kc3 72. Rc7+ Kb2 73. Rb7+ Kc1 74. Rc7 Ra8 75. Ke2 Kb2 76. Rb7+ Kc3 77. Rc7+ Kb3 78. Rb7+ Ka3 79. Kd2 Ka4 80. Kxc2 Ka5 81. Kd3 Ka6 82. Rd7 Re8 83. Re7 Rd8+ 84. Ke4 Kb6 85. Kf5 Rg8 86. Rg7 Rf8+ 87.
Kxg5 Ka6 88. Kxh4 Re8 89. Kg4 Rf8 90. h4 Re8 91. h5 Rh8 92. Kxf4 Rf8+ 93. Kg5 Re8 94. h6 Rf8 95. h7 Rh8 96. Kg6 Rc8 97. Rg8 Rc6+ 98. Kf5 Rc5+ 99. Ke4 Rc4+ 100. Kd3 Rc7 101.
a8=Q+ Kb6 102. h8=Q Rc6 103. Qb2+ Kc7 104. Rc8+ Kd6 105. Qxc6+ Ke7 106. Qe5+ Kf7 107. Qcf6# 1-0

[Event "Late-Titled-Tuesday-Blitz-February-13-2024"]
[Site "Chess.com"]
[Date "2024.02.13"]
[Round "2"]
[White "ATM622"]
[Black "trriinu"]
[Result "1/2-1/2"]
[WhiteElo "2493"]
[BlackElo "2244"]
[TimeControl "180+1"]
[EndTime "14:20:27 PST"]
[Termination "Game drawn by repetition"]

1. d4 g6 2. c4 Bg7 3. Nf3 c6 4. g3 Nf6 5. Bg2 O-O 6. O-O d5 7.
Nbd2 dxc4 8. Nxc4 Be6 9. Nce5 h6 10. b3 Nbd7 11. Bb2 Nb6 12. Rc1 Bd5 13. Re1 Ne4 14.
Qd3 Qe8 15. Nh4 Nf6 16. e4 Be6 17. f4 Rd8 18. f5 gxf5 19. Nxf5 Bxf5 20. exf5 Nbd5 21.
Qf3 e6 22. Bh3 Nh7 23. Bg2 Nhf6 24. h4 Nd7 25. Bh3 Nxe5 26. dxe5 exf5 27. Bxf5 Qe7 28. Bb1 Qe6 29. Bf5 Qe7 30. Qg4 Qc7 31. e6 fxe6 32. Bxe6+ Kh8 33. Bxg7+ Qxg7 34. Qxg7+ Kxg7 35. Bg4 Rf7 36. Be6 Rc7 37. Bxd5 Rxd5 38. Re2 Rcd7 39. Kg2 Rd2 40.
Re1 R2d3 41. Re3 Rxe3 42. Rxe3 Rd2+ 43. Kf3 Rxa2 44. Re7+ Kg6 45. Rxb7 Ra3 46. Kg4 Ra5 47. Rc7 c5 48. Rc6+ Kg7 49. h5 Ra3 50. Rxc5 Rxb3 51. Rc7+ Kf6 52. Rxa7 Rb4+ 53. Kh3 Kg5 54. Ra5+ Kf6 55.
Rd5 Ra4 56. Rc5 Rd4 57. Rb5 Rc4 58. Ra5 Rd4 59. Ra3 Rc4 60. Rf3+ Kg5 61. Re3 Rb4 62. Re5+ Kf6 63. Rc5 Rd4 64. Rc6+ Kg5 65. g4 Rd3+ 66. Kh2 Rd4 67. Kh3 Rd3+ 68. Kh2 Rd4 69. Rg6+ Kh4 70. g5 hxg5 71. h6 Rd8 72. h7 Rh8 73. Rh6+ Kg4 74. Kg2 Kf5 75. Kg3 g4 76. Rh5+ Kg6 77.
Kxg4 Rxh7 78. Rd5 Rf7 79. Rd6+ Kg7 80. Kg5 Re7 81. Rc6 Kf7 82. Kf5 Rd7 83. Rf6+ Ke7 84. Re6+ Kf7 85. Rh6 Rd5+ 86. Ke4 Rg5 87. Kf4 Ra5 88. Rb6 Rc5 89. Ke4 Rh5 90. Rc6 Rh4+ 91.
Kf5 Rh5+ 92. Kg4 Ra5 93. Kf4 Rb5 94. Rd6 Ra5 95. Rb6 Rc5 96. Ra6 Rb5 97. Ke4 Rh5 98. Ra7+ Ke6 99. Ra6+ Ke7 100. Kf4 Rb5 101. Ke4 Rh5 102. Rg6 Rb5 103. Rc6 Rh5 104. Rb6 Rg5 105. Kf4 Rc5 106. Ra6 Rb5 107. Kg4 Rc5 108. Kf4 Rb5 1/2-1/2

[Event "Late-Titled-Tuesday-Blitz-February-13-2024"]
[Site "Chess.com"]
[Date "2024.02.13"]
[Round "3"]
[White "bipe137"]
[Black "ckgchess"]
[Result "0-1"]
[WhiteElo "2592"]
[BlackElo "2867"]
[TimeControl "180+1"]
[EndTime "14:22:26 PST"]
[Termination "ckgchess won by resignation"]

1. d4 Nf6 2. c4 g6 3. Nc3 Bg7 4. e4 O-O 5. Be2 c5 6. d5 d6 7. h3 e6 8. Nf3 Re8 9. O-O exd5 10. exd5 Bf5 11. Bg5 h6 12. Bh4 Qb6 13.
Bxf6 Bxf6 14. Qd2 Nd7 15. b3 Bxc3 0-1

[Event "Late-Titled-Tuesday-Blitz-February-13-2024"]
[Site "Chess.com"]
[Date "2024.02.13"]
[Round "3"]
[White "Rashad_Zeynalli"]
[Black "terrortoast"]
[Result "1-0"]
[WhiteElo "2664"]
[BlackElo "2468"]
[TimeControl "180+1"]
[EndTime "14:23:14 PST"]
[Termination "Rashad_Zeynalli won by checkmate"]

1. e4 c5 2. c3 d5 3. exd5 Nf6 4. Qa4+ Nbd7 5. Nf3 g6 6. d4 cxd4 7. Nxd4 Nxd5 8.
Bc4 Nb6 9. Bxf7+ Kxf7 10. Qb3+ e6 11. Qxe6+ Kg7 12. Nf5+ gxf5 13. Bh6# 1-0

[Event "Late-Titled-Tuesday-Blitz-February-13-2024"]
[Site "Chess.com"]
[Date "2024.02.13"]
[Round "3"]
[White "Doomfist26"]
[Black "AlexeiShirov"]
[Result "0-1"]
[WhiteElo "2616"]
[BlackElo "2870"]
[TimeControl "180+1"]
[EndTime "14:23:32 PST"]
[Termination "AlexeiShirov won by resignation"]

1. e4 e5 2. Nf3 Nc6 3. d4 exd4 4. c3 d5 5. Bd3 Nf6 6. e5 Ne4 7. cxd4 Bg4 8. Be2 Bb4+ 9. Bd2 Bxf3 10. Bxf3 Nxd2 11.
Nxd2 Nxd4 12. Qa4+ b5 13. Qd1 Qg5 0-1

[Event "Late-Titled-Tuesday-Blitz-February-13-2024"]
[Site "Chess.com"]
[Date "2024.02.13"]
[Round "3"]
[White "VladimirBugayev"]
[Black "dennisodessa"]
[Result "0-1"]
[WhiteElo "2395"]
[BlackElo "2584"]
[TimeControl "180+1"]
[EndTime "14:23:53 PST"]
[Termination "dennisodessa won by resignation"]

1. e4 e6 2. d4 d5 3. Bd3 dxe4 4. Bxe4 Nf6 5. Bf3 Nbd7 6. Ne2 e5 7. O-O e4 8. Ng3 exf3 9. Re1+ Be7 10. Nf5 O-O 11. Nxe7+ Kh8 12. Qxf3 Re8 13. Qe2 Nf8 14. Bg5 Be6 15. d5 Bxd5 16. Bxf6 gxf6 17. Qd1 Rxe7 18.
Rxe7 Qxe7 19. Nc3 Bc6 20. Qd4 Qe5 21. Qh4 Ng6 22. Qh3 Nf4 0-1

[Event "Late-Titled-Tuesday-Blitz-February-13-2024"]
[Site "Chess.com"]
[Date "2024.02.13"]
[Round "3"]
[White "MoreChessJulia"]
[Black "Sacbutt"]
[Result "1-0"]
[WhiteElo "2108"]
[BlackElo "2322"]
[TimeControl "180+1"]
[EndTime "14:23:56 PST"]
[Termination "MoreChessJulia won by resignation"]

1. d4 e5 2. dxe5 Nc6 3. Nf3 Qe7 4. Nc3 Nxe5 5. Nd5 Nxf3+ 6. gxf3 Qd8 7. Bf4 d6 8. e4 Be6 9. Bc4 c6 10. Ne3 Qf6 11. Bxd6 Bxd6 12. Qxd6 Rd8 13. Qg3 Qxb2 14. O-O Bxc4 15. Nxc4 Ne7 16. Nxb2 1-0

[Event "Late-Titled-Tuesday-Blitz-February-13-2024"]
[Site "Chess.com"]
[Date "2024.02.13"]
[Round "3"]
[White "GM4life"]
[Black "hmatyi07"]
[Result "1-0"]
[WhiteElo "2546"]
[BlackElo "2249"]
[TimeControl "180+1"]
[EndTime "14:24:13 PST"]
[Termination "GM4life won by resignation"]

1. d4 d5 2. c4 e6 3. Nc3 h6 4. Nf3 Nf6 5. Bf4 Bd6 6. Bg3 O-O 7. e3 b6 8. cxd5 exd5 9. Bd3 a6 10. O-O Re8 11. Rc1 Bg4 12. Bxd6 Qxd6 13. h3 Bxf3 14. Qxf3 Nbd7 15. Bf5 Re7 16. Rc2 Rae8 17. Rfc1 Nf8 18. Ne2 Ne4 19. Bxe4 dxe4 20. Qg3 Ne6 21. Qxd6 cxd6 22.
Rc6 1-0

[Event "Late-Titled-Tuesday-Blitz-February-13-2024"]
[Site "Chess.com"]
[Date "2024.02.13"]
[Round "3"]
[White "LogoCzar"]
[Black "MajorCoast"]
[Result "1-0"]
[WhiteElo "2400"]
[BlackElo "2194"]
[TimeControl "180+1"]
[EndTime "14:24:18 PST"]
[Termination "LogoCzar won by checkmate"]

1. e4 c5 2. Nf3 h6 3. d4 cxd4 4. Nxd4 Nf6 5. Nc3 e5 6. Ndb5 d6 7. Nd5 Nxd5 8. exd5 Be7 9. Bd3 O-O 10. g4 a6 11. Nc3 Nd7 12. h4 Nc5 13. g5 Nxd3+ 14.
Qxd3 h5 15. Bd2 g6 16. O-O-O Bf5 17. Qe2 b5 18. Ne4 a5 19. Rdf1 b4 20. f4 Qc7 21.
fxe5 dxe5 22. Rxf5 gxf5 23. Nf6+ Bxf6 24. gxf6 Rfc8 25.
Qg2+ Kf8 26. Qg7+ Ke8 27. Qg8+ Kd7 28. Qxf7+ Kd8 29. Qf8+ Kd7 30. Qe7# 1-0

[Event "Late-Titled-Tuesday-Blitz-February-13-2024"]
[Site "Chess.com"]
[Date "2024.02.13"]
[Round "3"]
[White "GothamChess"]
[Black "h4parah5"]
[Result "0-1"]
[WhiteElo "2718"]
[BlackElo "2966"]
[TimeControl "180+1"]
[EndTime "14:24:26 PST"]
[Termination "h4parah5 won by resignation"]

1. e4 c5 2. Nc3 Nc6 3. Bb5 Nd4 4. Nf3 Nxb5 5. Nxb5 d6 6. d4 Nf6 7. Nc3 cxd4 8. Qxd4 e5 9. Qd3 h6 10. O-O Be7 11. Rd1 a6 12. b3 O-O 13. Ba3 Qa5 14. Bxd6 Bxd6 15. Qxd6 Qxc3 16. Nxe5 Nxe4 17. Qe7 Qc5 0-1